Map: Acropolis LE

Players

Mez - Winner!

  • Race: Terran Terran
  • League: Master
  • Spawn Location: 11:00

Serenchanter

  • Race: Zerg Zerg
  • League: Master
  • Spawn Location: 5:00

VOD

Have the link to the VOD?

Description

Time

  • Played on: Aug. 12, 2019, 10:58 a.m.
  • Length: 14:58
Show
View Real Time Build Order
Export as new Build Order

Mez Terran - Winner!

Build Orders: Reaper Expand 

Get SALT Encoding   

  12  0:01  SCV  
  13  0:13  SCV  
  14  0:17  Supply Depot  
  14  0:25  SCV  
  15  0:38  SCV  
  15  0:39  Barracks  
  16  0:44  Refinery  
  16  0:50  SCV  
  17  1:03  SCV  
  18  1:15  SCV  
  19  1:28  Reaper, Orbital Command  
  20  1:40  Command Center  
  20  1:49  Supply Depot  
  20  1:54  SCV  
  21  1:59  Marine  
  22  2:06  SCV  
  23  2:12  Factory  
  23  2:15  Refinery  
  23  2:19  SCV  
  23  2:22  Barracks Reactor  
  24  2:31  SCV  
  25  2:44  SCV  
  26  2:56  Factory Tech Lab  
  26  3:01  Marine  
  26  3:05  SCV  
  27  3:06  Orbital Command  
  27  3:08  Bunker  
  27  3:14  Marine  
  27  3:16  Siege Tank  
  27  3:19  Marine  
  32  3:24  SCV  
  33  3:32  Marine  
  34  3:34  Starport  
  34  3:36  SCV x2  
  34  3:37  Marine  
  37  3:41  Bunker  
  37  3:46  Bunker  
  37  3:49  SCV x2  
  39  3:58  Siege Tank  
  39  3:59  Marine x2  
  39  4:02  SCV  
  45  4:10  SCV  
  45  4:13  Supply Depot  
  45  4:14  Starport Tech Lab  
  46  4:24  Supply Depot  
  46  4:31  Marine  
  46  4:34  Marine  
  46  4:35  SCV  
  46  4:36  Supply Depot  
  46  4:37  SCV  
  49  4:44  Banshee  
  51  4:45  Cloaking Field  
  51  4:47  SCV, Command Center  
  51  4:50  SCV  
  53  4:53  Marine  
  53  4:54  Marine  
  53  4:59  SCV  
  56  5:02  SCV  
  56  5:03  Supply Depot  
  57  5:11  SCV  
  57  5:20  Supply Depot  
  57  5:21  Supply Depot  
  57  5:22  Barracks  
  57  5:24  SCV, Barracks  
  58  5:39  SCV x2  
  60  5:50  Banshee  
  60  5:51  SCV x2  
  60  5:52  Siege Tank, Marine  
  60  5:53  Marine  
  70  6:01  Orbital Command  
  70  6:03  SCV x2  
  72  6:06  Refinery  
  72  6:13  Marine  
  72  6:15  SCV x2  
  79  6:25  Cyclone  
  79  6:27  SCV  
  79  6:28  Barracks Reactor x2, SCV  
  80  6:37  SCV  
  80  6:39  SCV  
  82  6:40  SCV, Starport Reactor  
  82  6:45  Refinery  
  83  6:49  Supply Depot  
  83  6:50  Supply Depot  
  83  6:51  Supply Depot x2  
  83  6:58  Barracks  
  83  7:00  Barracks  
  83  7:02  Orbital Command  
  83  7:05  Stimpack  
  83  7:06  Marine x3  
  86  7:09  Siege Tank  
  86  7:19  SCV x2  
  88  7:26  Supply Depot  
  88  7:31  SCV x3  
  88  7:36  Marine x4  
  95  7:38  Medivac  
  95  7:39  Medivac  
  95  7:43  SCV x2  
  95  7:44  Siege Tank, SCV  
  106  7:54  Barracks Reactor x2, Marine x2  
  106  7:55  SCV x2, Marine x3  
  106  7:56  SCV  
  113  8:05  Supply Depot  
  113  8:07  SCV x2  
  113  8:08  SCV  
  113  8:12  Marine x2  
  116  8:13  Marine  
  116  8:15  Supply Depot  
  116  8:17  Supply Depot  
  119  8:24  Marine x2  
  121  8:29  Engineering Bay  
  121  8:30  Engineering Bay, SCV x2, Marine x2  
  121  8:31  Marine  
  121  8:33  Command Center  
  103  8:41  Marine  
  103  8:42  Marine x5  
  103  8:45  SCV  
  103  8:46  SCV  
  103  8:48  Marine x3  
  111  8:49  Barracks x2, Supply Depot  
  111  8:50  Barracks  
  111  8:51  Refinery, Supply Depot  
  111  8:52  Refinery  
  110  8:56  Armory  
  107  9:03  Marine x4  
  107  9:04  Marine x2  
  107  9:06  Marine  
  107  9:09  Marine  
  111  9:10  Marine  
  111  9:11  Siege Tank, Medivac x2  
  111  9:15  Factory  
  120  9:21  Marine x2  
  120  9:22  Marine x2  
  120  9:23  Marine  
  118  9:24  Marine x2  
  118  9:27  Marine x2  
  114  9:32  Combat Shield  
  102  9:39  Marine x3  
  102  9:40  Marine x2  
  102  9:44  Marine x2  
  102  9:45  Siege Tank, Marine  
  106  9:46  SCV  
  106  9:47  SCV  
  107  9:53  SCV  
  107  9:56  Marine  
  107  9:57  Marine  
  107  9:58  SCV  
  107  9:59  SCV  
  112  10:00  Barracks Tech Lab x2  
  112  10:01  Barracks Tech Lab  
  112  10:03  Terran Infantry Armor Level 1, Terran Infantry Weapons Level 1  
  112  10:04  Terran Vehicle Weapons Level 1  
  112  10:05  SCV  
  113  10:12  Marine x4  
  113  10:13  Marine x3  
  113  10:14  Marine  
  120  10:20  Marine x2  
  123  10:21  Siege Tank  
  123  10:22  Factory Tech Lab  
  123  10:24  Marauder x2  
  123  10:25  Concussive Shells  
  130  10:28  Planetary Fortress  
  130  10:31  Marauder  
  132  10:39  Marine x9  
  132  10:41  Medivac  
  143  10:43  SCV  
  143  10:45  Marine x2  
  149  10:50  Siege Tank  
  149  10:51  SCV x2  
  149  10:52  Marine  
  149  10:57  Marine  
  153  11:04  SCV x3  
  153  11:06  Marine x2, Marauder x2  
  162  11:13  Supply Depot  
  161  11:31  Marine x2  
  161  11:32  Marine x6, Marauder  
  174  11:33  Marauder x2  
  174  11:46  Marauder  
  176  11:49  Marine x2  
  176  11:54  Marauder  
  177  12:00  Marine  
  174  12:02  Marine  
  174  12:03  Marine x6  
  174  12:06  Medivac x2  
  174  12:07  Siege Tank, Marine x2  
  175  12:09  Marine  
  175  12:15  Marine  
  152  12:18  Marine  
  152  12:20  Marine x4  
  152  12:22  Marine x2  
  154  12:31  Orbital Command  
  143  12:39  Marine  
  130  12:50  Marine x7  
  126  12:51  Marine x3  
  126  12:56  Marine  
  130  12:58  Barracks x2  
  130  13:00  Barracks  
  97  13:45  Command Center  
Show
View Real Time Build Order
Export as new Build Order

Serenchanter Zerg 

Build Orders: Hatch First 

Get SALT Encoding   

  12  0:03  Drone  
  13  0:12  Overlord  
  13  0:18  Drone  
  14  0:31  Drone x2  
  16  0:40  Drone  
  17  0:52  Hatchery  
  17  0:55  Drone  
  17  1:10  Spawning Pool  
  16  1:12  Drone  
  16  1:15  Drone  
  18  1:29  Drone x2  
  20  1:34  Extractor  
  19  1:40  Drone  
  20  1:52  Drone  
  21  2:02  Drone  
  21  2:03  Queen  
  21  2:06  Extractor  
  23  2:09  Drone  
  23  2:12  Drone  
  25  2:19  Roach Warren  
  25  2:22  Queen  
  26  2:31  Zergling x4  
  28  2:37  Spore Crawler  
  28  2:39  Spore Crawler  
  26  2:46  Zergling x2  
  26  2:48  Metabolic Boost  
  26  2:49  Overlord  
  28  2:57  Spore Crawler  
  27  3:05  Pneumatized Carapace  
  27  3:06  Overlord x2  
  27  3:12  Drone  
  28  3:15  Drone x2  
  28  3:18  Drone  
  31  3:29  Drone  
  31  3:30  Drone  
  31  3:31  Drone  
  31  3:32  Drone  
  35  3:35  Drone  
  36  3:53  Roach x3  
  36  3:55  Roach x2  
  46  3:58  Roach  
  48  4:05  Drone x3  
  48  4:07  Drone  
  52  4:17  Overlord x2  
  52  4:32  Hatchery  
  52  4:36  Ravager x4  
  55  4:45  Drone x3  
  57  4:46  Drone x4  
  62  4:53  Evolution Chamber  
  62  4:57  Drone  
  62  5:03  Ravager  
  62  5:04  Ravager  
  62  5:05  Zergling x8  
  64  5:18  Drone  
  64  5:19  Drone x4  
  67  5:26  Lair  
  64  5:45  Drone  
  64  5:46  Drone x6  
  64  5:49  Extractor  
  67  5:51  Extractor  
  67  5:53  Queen  
  67  5:54  Drone  
  67  5:55  Drone x5, Spore Crawler x2  
  72  6:16  Zerg Ground Armor Level 1  
  72  6:18  Evolution Chamber, Queen  
  73  6:19  Drone  
  70  6:32  Drone  
  71  6:33  Drone x2  
  71  6:36  Overlord x2  
  71  6:39  Overlord  
  73  6:40  Overlord  
  73  6:57  Zerg Missile Weapons Level 1  
  73  7:01  Spire  
  73  7:02  Drone  
  73  7:03  Drone  
  73  7:04  Drone x14  
  88  7:13  Extractor x2  
  86  7:16  Hatchery  
  85  7:24  Roach x6  
  85  7:28  Overlord x2  
  97  7:37  Overlord  
  97  7:38  Overlord x2  
  97  7:41  Infestation Pit  
  97  7:47  Ravager x6  
  97  7:49  Zergling x4  
  105  8:08  Zergling x8  
  105  8:09  Zergling x12  
  105  8:12  Zerg Melee Weapons Level 1  
  112  8:32  Zergling x2  
  112  8:33  Zergling x20  
  101  8:43  Zergling x2  
  101  8:59  Roach x2  
  101  9:00  Roach x8  
  101  9:01  Roach x3  
  119  9:04  Glial Reconstitution  
  119  9:08  Queen  
  117  9:11  Drone x6  
  118  9:21  Zergling x6  
  118  9:22  Zergling x8  
  118  9:24  Spore Crawler  
  118  9:28  Zerg Ground Armor Level 2  
  115  9:35  Queen  
  106  9:41  Ravager x2  
  106  9:42  Ravager x3, Roach  
  106  9:43  Roach x8  
  119  9:48  Queen  
  119  9:51  Roach x6  
  131  9:56  Pathogen Glands  
  131  9:58  Roach x2  
  135  10:03  Ravager  
  136  10:16  Hatchery, Ravager  
  136  10:19  Overlord x5  
  136  10:37  Queen  
  136  10:40  Roach x9  
  136  10:41  Roach x3  
  162  10:47  Ravager x4  
  162  10:48  Ravager, Infestor x2  
  171  10:51  Zergling x4  
  171  10:52  Zergling x6  
  176  10:58  Overlord x4  
  176  11:06  Overlord  
  176  11:22  Roach  
  176  11:23  Roach x9  
  176  11:24  Roach  
  188  11:33  Drone x3  
  188  11:34  Drone x4  
  188  11:39  Roach x2  
  195  11:52  Roach x3  
  198  11:55  Hatchery  
  153  12:11  Roach  
  153  12:12  Zergling x2  
  153  12:13  Zergling x14  
  106  12:43  Zergling x4  
  83  13:07  Spawning Pool  
  80  13:13  Hatchery  
  80  13:16  Extractor x2  
  70  14:20  Hatchery  
Tags
 
Add a new tag
Caveats
  • Supply blocks, unpowered buildings, or Contaminate may cause inaccurate times.
  • Supply counts are checked every 10 seconds.